 Dungeon Crawl Stone Soup version 0.29-a0-1043-g569b05d6ff (webtiles) character file.

Game seed: 9187957802219526281

269 KleinerIrrer the Magician (level 6, -3/40 HPs)
             Began as a Djinni Summoner on Aug 16, 2022.
             Slain by a sky beast (5 damage)
             ... on level 4 of the Dungeon.
             The game lasted 00:10:18 (5136 turns).

KleinerIrrer the Magician (Djinni Summoner)         Turns: 5136, Time: 00:10:19

Health: -3/40      AC:  3    Str:  7    XL:     6   Next: 46%
Gold:   251        EV: 13    Int: 22    God:
                   SH:  0    Dex: 17

rFire   + + .      SeeInvis .   t - +3 mace of Pain and Death {drain, Int+4 Dex+3}
rCold   x . .      Faith    .   (no shield)
rNeg    . . .      Spirit   .   a - +0 robe
rPois   ∞          Reflect  .   p - +0 hat
rElec   .          Harm     .   (no cloak)
rCorr   .          Rampage  .   s - +0 pair of gloves
Will    .....                   (boots unavailable)
Stlth   ++........              (no amulet)
HPRegen 0.13/turn               (no ring)
MPRegen 0.00/turn               (no ring)

@: flying
A: sickness immunity, fire resistance 2, cold vulnerability 1, float, innate
caster, HP casting, extra vitality 1
a: no special abilities


You were on level 4 of the Dungeon.
You visited 1 branch of the dungeon, and saw 4 of its levels.

You collected 251 gold pieces.

Inventory:

Hand Weapons
 t - the +3 mace of Pain and Death (weapon) {drain, Int+4 Dex+3}
   (You found it on level 2 of the Dungeon)

   A truly terrible weapon, it drains the life of any living foe it strikes.
   Int:       It affects your intelligence (+4).
   Dex:       It affects your dexterity (+3).
 x - a +0 sling of freezing
Missiles
 q - 3 datura-tipped darts
Armour
 a - a +0 robe (worn)
 e - a +0 leather armour
 p - a +0 hat (worn)
 s - a +0 pair of gloves (worn)
Magical Staves
 A - a staff of death
Jewellery
 v - a ring of resist corrosion
Scrolls
 b - a scroll of noise {unknown}
 c - 3 scrolls of identify
 d - 2 scrolls of vulnerability {unknown}
 g - 2 scrolls of butterflies {unknown}
 i - a scroll of amnesia {unknown}
 l - 2 scrolls of summoning {unknown}
 r - a scroll of brand weapon {unknown}
 w - a scroll of teleportation {unknown}
 y - 2 scrolls of fear {unknown}
Potions
 f - a potion of attraction {unknown}
 h - a potion of ambrosia
 j - a potion of invisibility {unknown}
 k - a potion of resistance {unknown}
 m - 3 potions of mutation {unknown}
 n - 3 potions of curing {unknown}
 o - a potion of flight {unknown}
 u - 2 potions of heal wounds {unknown}
 z - a potion of magic {unknown}
 B - a potion of lignification {unknown}


   Skills:
 + Level 3.4 Dodging
 - Level 1.5 Stealth
 + Level 5.3 Spellcasting


You couldn't memorise any spells.
You knew the following spells:

 Your Spells              Type           Power      Damage    Failure   Level
a - Summon Small Mammal   Summ           100%       N/A       1%          1
b - Call Imp              Summ           29%        N/A       1%          2
c - Call Canine Familiar  Summ           29%        N/A       3%          3
d - Summon Guardian Gole  Hex/Summ       29%        N/A       3%          3
e - Summon Lightning Spi  Summ/Air       29%        N/A       11%         4
f - Slow                  Hex            100%       N/A       1%          1
g - Wereblood             Tmut           29%        N/A       1%          2
Your spell library was empty.

Dungeon Overview and Level Annotations

Branches:
Dungeon (4/15)
 Temple: D:4-7

Altars:
Cheibriados

Shops:
D:2 (   D:3 (

Annotations:
D:3 2 transporters, Conn's ghost, amateur OpFE


Innate Abilities, Weirdness & Mutations

You are immune to sickness and miasma.
You are immune to poison.
Your flesh is very heat resistant. (rF++)
You are vulnerable to cold. (rC-)
You float through the air rather than walking.
You learn spells naturally, not from books.
Your magical power is your life essence.
You have superior vitality. (+4 MHP)


Message History

Your crimson imp disappears in a puff of smoke!
Found an escape hatch in the ceiling.
A jelly comes into view.
The jelly quivers.
A jelly is nearby!
A sky beast comes into view.
Casting: Call Imp (safe; 1% risk of failure)
Confirm with . or Enter, or press ? or * to list all spells.
A beastly little devil appears in a puff of flame.
The jelly closely misses your crimson imp.
Casting: Call Imp (safe; 1% risk of failure)
Confirm with . or Enter, or press ? or * to list all spells.
The jelly hits your crimson imp but does no damage.
Your crimson imp hits the jelly.
Your crimson imp is burned by acid!
You swap places.
The jelly closely misses you.
Your crimson imp blinks!
You hit the jelly. You drain the jelly.
Your hands burn!
The jelly is moderately wounded.
The jelly hits you.
You are splashed with acid!
Your hound barely misses the jelly.
The jelly barely misses you.
You sock the jelly! You drain the jelly.
You kill the jelly!
Your hound misses the sky beast. You hit the sky beast.
The sky beast is lightly wounded.
Your hound bites the sky beast.
The sky beast hits you. The sky beast shocks you.
Your hound bites the sky beast.
The sky beast flickers out of sight!
Deactivating autopickup; reactivate with Ctrl-A.
Something hits you.
* * * LOW HITPOINT WARNING * * *
Something shocks you.
* * * LOW HITPOINT WARNING * * *
Your hound bites something.
Your hound misses something. Something barely misses you. Something hits you.
* * * LOW HITPOINT WARNING * * *
Something shocks you.
You die...

.)...#.....##..#..##<## ....#...
)).....##......##.##.##......###.
.......###............. ..... .
......## ##.###....(... ... .
..#....####.#####...# ... #
..#...###.....##....#
..##.......##.......# .
............#.....<.##...#
....##...#.....#@{......#
...###.......#...5h...###
..........#..#........#
.......##.#..............
.......#.......##.........
........ ..##.#...........
.#.......###..#...........
.#....... .......#....... ...


You could see a friendly hound (summoned) and a friendly crimson imp (summoned).

Vanquished Creatures
  A jelly (D:4)
  A hound (D:4)
  An orc wizard (D:4)
  3 adders
  A gnoll (D:2)
  A dart slug (D:1)
  2 worms (D:3)
  An orc (D:4)
  2 endoplasms
  A giant cockroach (D:4)
  3 goblins
  6 hobgoblins
  A jackal (D:3)
  2 quokkas (D:2)
  5 ball pythons
  2 bats
  3 frilled lizards
  A kobold (D:4)
  A rat (D:2)
38 creatures vanquished.

Vanquished Creatures (collateral kills)
  A bullfrog (D:4)
  A gnoll (D:2)
  An adder (D:4)
  A dart slug (D:2)
  An orc (D:4)
  A ball python (D:2)
  2 goblins
  A hobgoblin (D:4)
  A jackal (D:3)
  4 quokkas
14 creatures vanquished.

Vanquished Creatures (others)
  20 plants (D:2)
20 creatures vanquished.

Grand Total: 72 creatures vanquished

Notes
Turn   | Place    | Note
-------+----------+-------------------------------------------
     0 | D:1      | KleinerIrrer the Djinni Summoner began the quest for the
                  | Orb.
     0 | D:1      | KleinerIrrer set off with the following spells memorised:
                  | Summon Small Mammal, Call Imp, Call Canine Familiar, Summon
                  | Guardian Golem, Summon Lightning Spire.
     0 | D:1      | Reached XP level 1. HP: 15/15 MP: 0/0
   892 | D:1      | Reached XP level 2. HP: 12/21 MP: 0/0
  1152 | D:2      | Found a faded altar of an unknown god.
  2366 | D:2      | Reached XP level 3. HP: 23/25 MP: 0/0
  2366 | D:2      | Learned a level 1 spell: Slow
  2800 | D:2      | Reached skill level 4 in Spellcasting
  2957 | D:2      | Identified the +3 mace of Pain and Death {drain, Int+4
                  | Dex+3}
  3151 | D:2      | Reached XP level 4. HP: 26/31 MP: 0/0
  3371 | D:2      | Found Roga's Antique Weapon Shop.
  3635 | D:3      | Found a transporter.
  3664 | D:3      | Found a transporter.
  3687 | D:3      | Noticed Conn's ghost (amateur OpFE)
  3692 | D:3      | Noticed a necrophage
  3957 | D:3      | Found Saupomm's Weapon Shoppe.
  4397 | D:4      | Noticed a bullfrog
  4413 | D:4      | Killed a bullfrog
  4414 | D:4      | Reached XP level 5. HP: 22/35 MP: 0/0
  4414 | D:4      | Learned a level 2 spell: Wereblood
  4625 | D:4      | Reached skill level 5 in Spellcasting
  4625 | D:4      | Reached XP level 6. HP: 25/40 MP: 0/0
  4912 | D:4      | Found a snail-covered altar of Cheibriados.
  5126 | D:4      | Noticed a sky beast
  5136 | D:4      | HP: 2/40 [something (4)]
  5136 | D:4      | Slain by a sky beast

Illustrated notes

Levels and vault maps discovered:
D:1:      beargit_arrival_diablo_church, layout_loops_ring, chequers_avenue,
          minmay_tree_intersection
D:2:      wad_woods_tower, layout_basic, hellmonk_ecumenical_altar_arch_garden,
          serial_shops, nicolae_shop_statue_plus
D:3:      layout_loops_ring, serial_shops, nicolae_shop_stone,
          gammafunk_ghost_mausoleum, nicolae_concentric_dashed_squares_wild
D:4:      layout_cave_pools, mainiacjoe_overflow_alcove_2

Skill      XL: |  1  2  3  4  5 |
---------------+----------------+-----
Spellcasting   | 4 5 |  5.3
Dodging        | 3 |  3.4
Stealth        | |  1.5

Action                   |  1- 3 |  4- 6 || total
-------------------------+-------+-------++-------
Melee: Short sword       |    58 |       ||    58
       Punch             |     1 |     1 ||     2
       Mace              |     2 |    20 ||    22
 Fire: Sling             |       |    47 ||    47
 Cast: Summon Small Mamm |    12 |     1 ||    13
       Call Imp          |    15 |    11 ||    26
       Call Canine Famil |     3 |     9 ||    12
       Summon Guardian G |     1 |     3 ||     4
  Use: Scroll            |     1 |       ||     1
 Stab: Sleeping          |     1 |     4 ||     5
Armor: Robe              |    13 |     6 ||    19
Dodge: Dodged            |    51 |    25 ||    76

Table legend: (Time is in decaauts)
 A = Elapsed time spent in this place.
 B = Non-inter-level travel time spent in this place.
 C = Inter-level travel time spent in this place.
 D = Time resting spent in this place.
 E = Time spent auto-exploring this place.
 F = Levels seen in this place.
 G = Mean time per level.
                   A        B        C        D        E       F      G
               +--------+--------+--------+--------+--------+-----+--------+
         Total |   5166 |   5032 |    134 |      0 |   4516 |   4 | 1291.5 |
       Dungeon |   5166 |   5032 |    134 |      0 |   4516 |   4 | 1291.5 |
               +--------+--------+--------+--------+--------+-----+--------+

Top non-repeatable levels by time:
     D:2: 2332 daAuts
     D:1: 1153 daAuts
     D:4: 907 daAuts
     D:3: 773 daAuts
